 Dungeon Crawl Stone Soup version 0.31.0-32-g396128a36d (webtiles) character file.

Game seed: 8530567436341623517

1574494 LordWeiramon the Slayer (level 27, 199/199 HPs)
             Began as a Kobold Necromancer on Mar 23, 2024.
             Was the Champion of Ashenzari.
             Escaped with the Orb
             ... and 3 runes on Mar 24, 2024!
             The game lasted 05:54:27 (78674 turns).

LordWeiramon the Slayer (Kobold Necromancer)       Turns: 78674, Time: 05:54:28

Health: 199/199    AC: 36    Str:  7    XL:     27
Magic:  37/37      EV: 39    Int: 17    God:    Ashenzari [******]
Gold:   5878       SH:  0    Dex: 32    Spells: 37/47 levels left

rFire   + . .        a - +8 pair of quick blades "Gyre" and "Gimble" {protect, Melee, Elem} (curse)
rCold   . . .        (shield currently unavailable)
rNeg    . . .        Y - +7 ring mail of the Eye in the Sky {rElec Dex+2, Dev, Bglg} (curse)
rPois   .            E - +1 helmet "Share My Activism" {Dex+3, Fort, Bglg} (curse)
rElec   +            O - +2 cloak of Ashenzari's Doubts {rCorr, Elem, Cun} (curse)
rCorr   +            w - +2 pair of gloves of Ashenzari's Discomfort {Cun, Melee} (curse)
SInv    +            f - +2 pair of boots "Gnosis of Ashenzari" {Fly, Cun, Dev} (curse)
Will    ++...        T - amulet "Share My Portent" {Acrobat, Sorc, Fort} (curse)
Stlth   ++++         U - ring of the Manifest God {AC+4, Bglg, Elem} (curse)
HPRegen 0.53/turn    D - ring of the Enlightened Burden {rF+, Bglg, Self} (curse)
MPRegen 0.25/turn

%: acrobat, clarity
@: flying
A: small, no large weapons, nightstalker 3
0: Orb of Zot
}: 3/15 runes: barnacled, silver, gossamer
a: Renounce Religion, Shatter the Chains


You escaped.
You worshipped Ashenzari.
Ashenzari was exalted by your worship.
You visited 10 branches of the dungeon, and saw 48 of its levels.
You also visited: Trove, Ice Cave and Volcano.

You collected 8283 gold pieces.
You spent 2405 gold pieces at shops.

Inventory:

Hand Weapons
 a - the cursed +8 pair of quick blades "Gyre" and "Gimble" (weapon) {protect, Melee, Elem}
   (You found it in a treasure trove)

   It has a curse which improves the following skills: Melee Combat: Short
   Blades, Long Blades, Axes, Maces & Flails, Polearms, Staves and Unarmed
   Combat.
   Elements:  Fire Magic, Ice Magic, Air Magic and Earth Magic.
Missiles
 k - 14 atropa-tipped darts
 s - 62 boomerangs (quivered)
 x - 31 poisoned darts
 G - 9 curare-tipped darts
 Q - 9 throwing nets
Armour
 f - the cursed +2 pair of boots "Gnosis of Ashenzari" (worn) {Fly, Cun, Dev}
   (You found it on level 4 of the Spider Nest)

   It has a curse which improves the following skills: Cunning: Dodging and
   Stealth.
   Devices:   Evocations and Shapeshifting.
 w - the cursed +2 pair of gloves of Ashenzari's Discomfort (worn) {Cun, Melee}
   (You found it on level 1 of the Shoals)

   It has a curse which improves the following skills: Cunning: Dodging and
   Stealth.
   Melee Combat: Short Blades, Long Blades, Axes, Maces & Flails, Polearms,
   Staves and Unarmed Combat.
 E - the cursed +1 helmet "Share My Activism" (worn) {Dex+3, Fort, Bglg}
   (You found it on level 3 of the Elven Halls)

   Dex+3:     It affects your dexterity (+3).
   It has a curse which improves the following skills: Fortitude: Armour and
   Shields.
   Beguiling: Hexes and Translocations.
 L - a +1 cloak of poison resistance
 O - the cursed +2 cloak of Ashenzari's Doubts (worn) {rCorr, Elem, Cun}
   (You bought it in a shop on level 2 of the Orcish Mines)

   It has a curse which improves the following skills: Elements: Fire Magic, Ice
   Magic, Air Magic and Earth Magic.
   Cunning:   Dodging and Stealth.
 Y - the cursed +7 ring mail of the Eye in the Sky (worn) {rElec Dex+2, Dev, Bglg}
   (You bought it in a shop on level 8 of the Dungeon)

   Dex+2:     It affects your dexterity (+2).
   rElec:     It insulates you from electricity.
   It has a curse which improves the following skills: Devices: Evocations and
   Shapeshifting.
   Beguiling: Hexes and Translocations.
Jewellery
 b - the amulet of the Air {Inacc Air Fly rElec RMsl}
   (You took it off a vault guard on level 5 of the Vaults)

   [amulet of nothing]

   Inacc:     It reduces the accuracy of your attacks and spells.
   Air:       It enhances your air magic.
   rElec:     It insulates you from electricity.
   Fly:       It grants you flight.
   RMsl:      It protects you from missiles.
 t - the ring of Cetauxki {Fire rElec Int-2 Slay+5 Stlth+}
   (You found it on level 3 of the Depths)

   [ring of fire]

   Fire:      It enhances your fire magic.
   Int-2:     It affects your intelligence (-2).
   Slay+5:    It affects your accuracy & damage with ranged weapons and melee
   (+5).
   rF+:       It protects you from fire.
   rC-:       It makes you vulnerable to cold.
   rElec:     It insulates you from electricity.
   Stlth+:    It makes you more stealthy.
 D - the cursed ring of the Enlightened Burden (right hand) {rF+, Bglg, Self}
   (You found it on level 6 of the Dungeon)

   [ring of protection from fire]

   rF+:       It protects you from fire.
   It has a curse which improves the following skills: Beguiling: Hexes and
   Translocations.
   Introspection: Fighting and Spellcasting.
 T - the cursed amulet "Share My Portent" (around neck) {Acrobat, Sorc, Fort}
   (You found it on level 1 of the Lair of Beasts)

   [amulet of the acrobat]

   Acrobat:   It increases your evasion while moving and waiting.
   It has a curse which improves the following skills: Sorcery: Conjurations and
   Alchemy.
   Fortitude: Armour and Shields.
 U - the cursed ring of the Manifest God (left hand) {AC+4, Bglg, Elem}
   (You found it on level 3 of the Lair of Beasts)

   [ring of protection]

   AC+4:      It affects your AC (+4).
   It has a curse which improves the following skills: Beguiling: Hexes and
   Translocations.
   Elements:  Fire Magic, Ice Magic, Air Magic and Earth Magic.
Wands
 m - a wand of digging (18)
 A - a wand of flame (67)
 C - a wand of charming (67)
 H - a wand of iceblast (42)
 N - a wand of mindburst (50)
 W - a wand of light (15)
Scrolls
 c - 26 scrolls of teleportation
 e - 2 scrolls of butterflies
 h - 5 scrolls of silence
 j - 11 scrolls of enchant armour
 l - 8 scrolls of vulnerability
 p - 11 scrolls of enchant weapon
 u - 8 scrolls of fog
 y - 11 scrolls of fear
 z - 7 scrolls of blinking
 F - 7 scrolls of revelation
 J - a scroll of brand weapon
Potions
 d - 4 potions of berserk rage
 i - 12 potions of ambrosia
 n - 6 potions of haste
 o - 3 potions of might
 q - 4 potions of resistance
 r - 14 potions of curing
 v - 11 potions of brilliance
 B - a potion of cancellation
 M - 5 potions of enlightenment
 P - 11 potions of mutation
 S - 5 potions of magic
 V - 11 potions of heal wounds
 X - 4 potions of invisibility
Miscellaneous
 g - a lightning rod (4/4)
 I - a condenser vane
 K - a box of beasts
 R - a phantom mirror
 Z - a phial of floods


   Skills:
 - Level 25.0(27) Fighting
 - Level 24.0(27) Short Blades
 - Level 6.1 Throwing
 + Level 19.2(22.5) Armour
 - Level 23.0(27) Dodging
 - Level 23.1(27) Stealth
 - Level 6.5(10.1) Shields
 - Level 8.4(10.9) Spellcasting
 - Level 8.2(13.8) Hexes
 - Level 4.0 Necromancy
 - Level 4.0(8.2) Ice Magic
 - Level 8.5(13.2) Air Magic
 - Level 5.1(9.6) Earth Magic
 - Level 10.0(13.6) Evocations


You had 37 spell levels left.
You knew the following spells:

 Your Spells              Type           Power      Damage    Failure   Level
a - Passwall              Erth           42%        N/A       1%          3
b - Ensorcelled Hibernat  Hex/Ice        92%        N/A       1%          2
s - Silence               Hex/Air        26%        N/A       1%          5

Your spell library contained the following spells:

 Spells                   Type           Power      Damage    Failure   Level
 Freeze                   Ice            100%       1d10      1%          1
 Cigotuvi's Dreadful Rot  Necr/Alch/Air  58%        N/A       1%          2
 Jinxbite                 Hex            100%       N/A       1%          2
 Mercury Vapours          Alch/Air       64%        N/A       1%          2
 Static Discharge         Conj/Air       64%        3-6/arc   1%          2
 Frozen Ramparts          Ice            74%        1d12      1%          3
 Swiftness                Air            53%        N/A       1%          3
 Tukima's Dance           Hex            54%        N/A       1%          3
 Airstrike                Air            26%        2d(4-20)  1%          4
 Cause Fear               Hex            27%        N/A       1%          4
 Necrotise                Necr           88%        1d8       2%          1
 Dazzling Flash           Conj/Hex       66%        N/A       2%          3
 Inner Flame              Hex/Fire       34%        N/A       2%          3
 Anguish                  Hex/Necr       19%        N/A       3%          4
 Sublimation of Blood     Necr           22%        N/A       4%          2
 Metabolic Englaciation   Hex/Ice        23%        N/A       4%          5
 Stone Arrow              Conj/Erth      52%        3d10      5%          3
 Mephitic Cloud           Conj/Alch/Air  25%        N/A       6%          3
 Dimensional Bullseye     Hex/Tloc       17%        N/A       7%          4
 Hailstorm                Conj/Ice       23%        3d7       8%          3
 Summon Ice Beast         Ice/Summ       23%        N/A       8%          3
 Vhi's Electric Charge    Tloc/Air       66%        N/A       8%          4
 Fugue of the Fallen      Necr           22%        N/A       9%          3
 Vampiric Draining        Necr           22%        2d7       9%          3
 Apportation              Tloc           24%        N/A       10%         1
 Summon Lightning Spire   Summ/Air       31%        N/A       10%         4
 Magic Dart               Conj           40%        1d5       13%         1
 Sting                    Conj/Alch      40%        1d5       13%         1
 Summon Small Mammal      Summ           36%        N/A       14%         1
 Blink                    Tloc           24%        N/A       16%         2
 Lesser Beckoning         Tloc           24%        N/A       16%         2
 Scorch                   Fire           22%        2d5       16%         2
 Momentum Strike          Conj/Tloc      22%        3d8       17%         2
 Animate Armour           Summ/Erth      50%        N/A       21%         4
 Call Imp                 Summ           18%        N/A       22%         2
 Yara's Violent Unravell  Hex/Alch       16%        3d8       22%         5
 Arcjolt                  Conj/Air       16%        1d26      24%         5
 Borgnjor's Vile Clutch   Necr/Erth      16%        N/A       24%         5
 Summon Mana Viper        Hex/Summ       32%        N/A       24%         5
 Animate Dead             Necr           22%        N/A       28%         4
 Dispel Undead            Necr           22%        3d12      28%         4
 Gell's Gravitas          Tloc           12%        N/A       30%         3
 Teleport Other           Tloc           12%        N/A       30%         3
 Enfeeble                 Hex            27%        N/A       38%         7
 Martyr's Knell           Necr/Summ      16%        N/A       54%         4
 Curse of Agony           Necr           22%        N/A       61%         5
 Passage of Golubria      Tloc           12%        N/A       69%         4
 Flame Wave               Conj/Fire      11%        2d6       75%         4
 Sticky Flame             Fire/Alch      11%        2d5       75%         4
 Olgreb's Toxic Radiance  Alch           10%        N/A       77%         4
 Summon Blazeheart Golem  Fire/Summ      10%        N/A       77%         4
 Bombard                  Conj/Erth      13%        9d3       96%         6
 Summon Forest            Summ/Tloc      5%         N/A       97%         5
 Discord                  Hex            27%        N/A       97%         8
 Irradiate                Conj/Alch      5%         3d13      98%         5
 Iskenderun's Battlesphe  Conj           10%        2d6       98%         5
 Sculpt Simulacrum        Ice/Alch       11%        N/A       98%         6
 Death Channel            Necr           11%        N/A       99%         6
 Ozocubu's Refrigeration  Ice            18%        4d11      99%         7
 Maxwell's Capacitive Co  Air            26%        ∞         99%         8
 Dispersal                Tloc           6%         N/A       100%        6
 Summon Cactus Giant      Summ           4%         N/A       100%        6
 Haunt                    Necr/Summ      8%         N/A       100%        7
 Monstrous Menagerie      Summ           4%         N/A       100%        7
 Orb of Destruction       Conj           5%         9d5       100%        7
 Spellforged Servitor     Conj/Summ      4%         N/A       100%        7
 Summon Hydra             Summ           4%         N/A       100%        7
 Ignition                 Fire           5%         3d4       100%        8
 Infestation              Necr           11%        N/A       100%        8
 Lehudib's Crystal Spear  Conj/Erth      13%        10d4      100%        8


Dungeon Overview and Level Annotations

Branches:
Dungeon (15/15)            Temple (1/1) D:7            Lair (5/5) D:11
 Shoals (4/4) Lair:3       Spider (4/4) Lair:3        Slime (0/5) Lair:5
    Orc (2/2) D:9             Elf (3/3) Orc:2        Vaults (5/5) D:14
  Crypt (0/3) Vaults:3     Depths (4/4) D:15            Zot (5/5) Depths:4
  IceCv (visited)         Volcano (visited)

Altars:
Ashenzari
Cheibriados
Dithmenos
Elyvilon
Fedhas
Gozag
Hepliaklqana
Kikubaaqudgha
Makhleb
Nemelex Xobeh
Okawaru
Qazlal
Ru
Sif Muna
Trog
Uskayaw
Vehumet
Wu Jian
Xom
Yredelemnul
Zin
The Shining One
Jiyva

Shops:
D:8 ([   D:11 **[*   Orc:2 [((([   Elf:2 !   Shoals:2 :

Portals:
Hell: Depths:1 Depths:2 Depths:3 Depths:4
Abyss: Depths:3
Pandemonium: Depths:2 Depths:3 Depths:4
Ziggurat: Depths:3

Annotations:
Zot:4 3 runed translucent doors, Sebriys's ghost, legendary TrBe


Innate Abilities, Weirdness & Mutations

You are small and have problems with some larger weapons.
You are completely attuned to the shadows.


Message History

You fly upwards.
There is a stone staircase leading down here.
There is a stone staircase leading up here.
You fly upwards.
There is a stone staircase leading down here.
There is an open door here.
You sense a monster nearby.
There is a stone staircase leading up here.
You fly upwards.
There is a stone staircase leading down here.
There is an open door here.
There is an open door here.
There is an open door here.
You sense a monster nearby.
There is a stone staircase leading up here.
You fly upwards.
There is a stone staircase leading down here.
You sense a monster nearby.
There is a stone staircase leading up here.
You fly upwards.
You sense a monster nearby.
There is a stone staircase leading down here.
There is an open door here.
There is a stone staircase leading up here.
You sense a monster nearby.
Something unseen opens the door.
You sense a monster nearby.
There is a stone staircase leading up here.
You fly upwards.
There is a stone staircase leading down here.
There is a stone staircase leading up here.
You fly upwards.
There is a stone staircase leading down here.
There is a stone staircase leading up here.
You fly upwards.
There is a stone staircase leading down here.
You sense a monster nearby.
An Orb Guardian comes into view.
There is a staircase leading out of the dungeon here.
You have escaped!

## #........### #.#..#### .#
#..........######.##>...##
.#
#.............{....###...#
.#
#.........##..........####
'###.#................##.#
...+.##.....###..........#
'###.###...##
#..........###### .#
#.##########...............#
.# #..## #...@X............#
.#
#...######.#....8..........#
##
#................♣.........#
#.#.########...............#
####.#.# #...............#
.....#.# #...............#
.......# #################
########


You could see an Orb Guardian.

Vanquished Creatures
  8 dread liches
  2 ancient liches (Zot:5)
  3 orbs of fire (Zot:5)
  A juggernaut (Depths:3)
  Bai Suzhen (Shoals:4)
  Margery (Vaults:5)
  2 Killer Klowns (Zot:5)
  A curse toe (Zot:4)
  5 caustic shrikes
  10 golden dragons
  2 electric golems
  A hellephant (Vaults:5)
  10 tentacled monstrosities
  Jorgrun (Orc:2)
  2 deep elf master archers (Elf:3)
  22 Orb Guardians (Zot:5)
  9 liches
  9 quicksilver dragons
  Asterion (Vaults:1)
  The ghost of community the Warrior, an adept HOFi of Beogh (Shoals:4)
  A deep elf blademaster (Elf:3)
  5 sphinxes
  Polyphemus (Shoals:3)
  4 titans
  3 ancient champions (Depths:2)
  8 death cobs
  Frances (D:12)
  4 tengu reavers (Vaults:5)
  Aizul (Vaults:1)
  11 shadow dragons
  13 storm dragons
  Ilsuiw (Shoals:3)
  7 protean progenitors
  Donald (Elf:2)
  8 draconian monks
  11 deep elf sorcerers
  8 fire giants
  11 frost giants
  10 draconian knights
  14 vault wardens
  5 emperor scorpions (Spider:4)
  3 iron dragons
  4 draconian shifters
  A balrug (Depths:4)
  6 draconian scorchers
  2 ghost moths
  5 deep elf elementalists
  11 draconian stormcallers
  The ghost of Zimucs the Mimic, a journeyman DrSh of Jiyva (D:15)
  3 orc warlords
  The ghost of NotreDorf the Spry, a journeyman MfGl of Trog (Shoals:1)
  4 reapers
  4 spriggan defenders
  4 broodmothers
  10 very ugly things
  2 cacodemons (Depths:2)
  5 draconian annihilators
  8 stone giants
  7 vampire knights
  13 ironbound preservers
  7 green draconians
  5 deep elf death magi
  3 formless jellyfish
  9 ironbound thunderhulks
  4 black draconians
  5 war gargoyles
  5 spark wasps
  5 deep elf demonologists
  A lorocyproca (D:14)
  9 white draconians
  9 yellow draconians
  7 dire elephants
  12 purple draconians
  12 red draconians
  5 deep elf annihilators
  Snorg (Lair:5)
  3 crystal guardians
  An eidolon (Depths:1)
  A green death (Depths:2)
  11 ettins
  3 merfolk javelineers
  2 mummy priests (Depths:2)
  2 blizzard demons
  6 fire dragons
  Josephine (D:10)
  9 merfolk impalers
  6 deep elf high priests
  12 yaktaur captains
  6 hydras
  9 great orbs of eyes
  28 vault guards (Vaults:5)
  4 entropy weavers
  2 catoblepae
  9 ice dragons
  An alligator snapping turtle (Shoals:3)
  6 ogre magi
  3 peacekeepers
  4 rakshasas
  6 radroaches
  3 death knights
  4 merfolk aquamancers
  14 centaur warriors
  2 jorogumos (Spider:1)
  4 spriggan air magi
  7 ironbound frosthearts
  15 boulder beetles
  3 satyrs
  2 merfolk avatars (Shoals:4)
  An anaconda (shapeshifter) (Depths:2)
  4 deep troll shamans
  24 two-headed ogres
  The ghost of tymior the Covert, a journeyman KoEn of Nemelex Xobeh (Lair:1)
  A tengu warrior (D:13)
  14 death yaks
  32 dancing weapons
  9 demonic crawlers
  Urug (D:13)
  2 hell hogs (Depths:4)
  2 occultists
  7 deep troll earth magi
  15 hell knights
  4 shadow wraiths
  3 sun demons (Depths:4)
  14 deep elf knights
  4 spriggan berserkers
  A fire crab (Lair:3)
  4 skeletal warriors
  4 soul eaters
  A skyshark (shapeshifter) (Vaults:5)
  11 iron trolls
  2 goliath frogs (Lair:5)
  Sonja (Lair:1)
  A sea snake (shapeshifter) (Elf:2)
  4 skysharks
  A salamander mystic (Depths:3)
  4 pharaoh ants
  11 orb spiders
  2 sun moths (Spider:4)
  42 deep trolls
  2 quicksilver dragon simulacra (Depths:4)
  7 sea snakes
  5 arcanists
  2 mana vipers (shapeshifter)
  A glowing orange brain (shapeshifter) (Depths:2)
  A flayed ghost (Depths:4)
  A deep troll (shapeshifter) (Depths:2)
  An orb spider (shapeshifter) (Depths:2)
  2 glowing orange brains
  6 lindwurms
  14 deep elf archers
  13 ironbound convokers
  15 orc knights
  An orange crystal statue (Zot:5)
  12 steelbarb worms
  20 deep elf zephyrmancers
  4 phantasmal warriors
  5 necromancers
  18 harpies
  A steelbarb worm (shapeshifter) (Depths:2)
  An apis zombie (Depths:2)
  33 deep elf pyromancers
  2 shining eyes (Depths:3)
  12 manticores
  32 ugly things
  20 wolf spiders
  9 fauns
  Maurice (Orc:2)
  5 orc sorcerers
  2 fauns (shapeshifter)
  2 salamanders (Depths:3)
  5 cyclopes
  A meliai (Lair:3)
  31 moths of wrath
  5 kobold blastminers (Orc:1)
  2 black mambas
  17 elephants
  22 vault sentinels
  9 merfolk sirens
  2 molten gargoyles (Volcano)
  An eye of devastation (Depths:3)
  A naga mage (Depths:1)
  4 water nymphs
  2 centaur skeletons (D:15)
  4 torpor snails
  2 ice statues
  A hellion (D:10)
  22 cane toads
  4 rime drakes
  A gargoyle (D:13)
  11 komodo dragons
  5 freezing wraiths
  53 yaktaurs
  9 ice devils
  4 anaconda simulacra (IceCv)
  5 guardian mummies (Depths:2)
  4 harpy zombies (Shoals:2)
  29 merfolk
  4 red devils
  2 tengu conjurers
  12 trolls
  4 polar bears
  5 hornets
  2 tyrant leeches (Lair:5)
  A queen bee (Lair:3)
  32 tarantellas
  34 blink frogs
  10 snapping turtles
  A wolf spider simulacrum (D:14)
  4 glass eyes
  5 dream sheep (Lair:5)
  A meliai zombie (D:15)
  2 fire giant simulacra (Depths:2)
  6 wind drakes
  3 snapping turtles (shapeshifter)
  27 slime creatures
  15 jumping spiders
  15 water elementals
  2 spriggans (Depths:2)
  16 culicivoras
  4 fire elementals
  A fire bat (Volcano)
  A vampire (D:12)
  2 shadows
  5 wyverns
  48 yaks
  2 air elementals
  8 wraiths
  5 basilisks
  3 wargs (Orc:1)
  16 humans
  12 vampire mosquitoes
  44 redbacks
  2 swamp worms (shapeshifter)
  3 harpy simulacra (IceCv)
  3 swamp worms (Zot:1)
  2 acid dragons
  2 glowing shapeshifter zombies (Depths:2)
  3 hydra simulacra (IceCv)
  40 orc warriors
  11 water moccasins
  2 black bears
  A manticore zombie (Shoals:2)
  3 sky beasts
  4 ettin simulacra (Depths:4)
  37 ogres
  10 boggarts
  24 wolves
  10 centaurs
  A kobold brigand (D:8)
  A glowing shapeshifter simulacrum (Depths:2)
  A gnoll sergeant (D:5)
  A scorpion (D:5)
  17 bullfrogs
  4 earth elementals
  A cane toad simulacrum (IceCv)
  4 wights (D:8)
  21 killer bees
  An electric eel (Lair:5)
  4 lava snakes
  2 centaur zombies (D:7)
  4 hounds
  2 jellies (D:6)
  A gnoll bouda (D:8)
  11 orc priests
  3 iguanas
  2 sleepcaps (D:6)
  Ijyb (D:3)
  Terence (D:3)
  21 orc wizards
  2 polar bear simulacra (IceCv)
  2 ogre zombies (D:7)
  A boggart simulacrum (D:14)
  A mummy (D:7)
  11 gnolls
  3 adders
  13 white imps
  4 ufetubi
  A dart slug (D:3)
  2 ribbon worms (D:2)
  79 orcs
  2 bats
  3 endoplasms
  4 giant cockroaches
  5 goblins
  6 hobgoblins
  13 kobolds
  5 quokkas
  8 ball pythons
  A frilled lizard (D:1)
  A rat (D:1)
2117 creatures vanquished.

Vanquished Creatures (collateral kills)
  A merfolk javelineer (Shoals:4)
  2 harpies (Shoals:4)
  A wight (D:8)
4 creatures vanquished.

Grand Total: 2121 creatures vanquished

Notes
Turn   | Place    | Note
-------+----------+-------------------------------------------
     0 | D:1      | LordWeiramon the Kobold Necromancer began the quest for the
                  | Orb.
     0 | D:1      | Reached XP level 1. HP: 10/10 MP: 3/3
   125 | D:1      | Reached skill level 1 in Fighting
   251 | D:1      | Reached XP level 2. HP: 16/16 MP: 1/5
   508 | D:1      | Reached skill level 1 in Short Blades
   805 | D:1      | Found a faded altar of an unknown god.
  1083 | D:2      | Found a shimmering altar of Xom.
  1150 | D:2      | Reached XP level 3. HP: 19/20 MP: 3/6
  2323 | D:3      | Reached XP level 4. HP: 25/25 MP: 3/7
  2372 | D:3      | Noticed Ijyb
  2427 | D:3      | Reached skill level 2 in Fighting
  2565 | D:3      | Noticed Terence
  2821 | D:4      | Reached skill level 1 in Throwing
  2821 | D:4      | Reached XP level 5. HP: 30/30 MP: 8/8
  2912 | D:4      | Identified the +1 ring mail of Insurance {rPois rF++ Dex-3
                  | SInv}
  3431 | D:4      | Found a broken altar of Ashenzari.
  3431 | D:4      | Found an opulent altar of Gozag.
  3435 | D:4      | Became a worshipper of Ashenzari the Shackled
  3568 | D:3      | Killed Ijyb
  3751 | D:3      | Killed Terence
  3752 | D:3      | Reached skill level 5 in Short Blades
  3835 | D:3      | Reached XP level 6. HP: 35/35 MP: 6/9
  4318 | D:5      | Entered Level 5 of the Dungeon
  4414 | D:5      | Learned a level 2 spell: Ensorcelled Hibernation
  4712 | D:5      | Noticed an ogre
  4829 | D:5      | Noticed an ogre
  4837 | D:5      | Killed an ogre
  4838 | D:5      | Reached skill level 1 in Hexes
  4838 | D:5      | Reached skill level 1 in Ice Magic
  4838 | D:5      | Reached XP level 7. HP: 40/40 MP: 10/10
  5043 | D:5      | Found a hazy altar of Hepliaklqana.
  5044 | D:5      | Found a blossoming altar of Fedhas.
  5358 | D:5      | Found a glowing silver altar of Zin.
  5647 | D:6      | Reached skill level 1 in Evocations
  5854 | D:6      | Reached * piety under Ashenzari
  5968 | D:6      | Reached skill level 5 in Stealth
  5984 | D:6      | Identified the cursed +0 robe of Ashenzari's Comet {Comp,
                  | Sorc}
  6289 | D:6      | Reached XP level 8. HP: 44/44 MP: 11/11
  6836 | D:7      | Reached ** piety under Ashenzari
  6986 | D:7      | Reached skill level 5 in Dodging
  7112 | D:7      | Reached skill level 3 in Fighting
  7131 | D:7      | Found a staircase to the Ecumenical Temple.
  7137 | Temple   | Entered the Ecumenical Temple
  7324 | D:7      | Reached XP level 9. HP: 51/53 MP: 14/14
  7336 | D:7      | Reached skill level 4 in Fighting
  7811 | D:8      | Found Pywor's Weapon Emporium.
  7897 | D:8      | Found Kiof's Antique Armour Emporium.
  7902 | D:8      | Bought a pair of gloves for 162 gold pieces
  7902 | D:8      | Bought a pair of boots for 162 gold pieces
  8038 | D:8      | Noticed a two-headed ogre
  8366 | D:8      | Reached skill level 1 in Shields
  8697 | D:9      | Reached *** piety under Ashenzari
  9075 | D:9      | Identified the cursed +0 pair of gloves of the Tethered
                  | Seer {Self, Comp} (You bought it in a shop on level 8 of
                  | the Dungeon)
  9247 | D:9      | Reached skill level 10 in Short Blades
  9316 | D:9      | Reached XP level 10. HP: 56/60 MP: 18/18
  9877 | D:9      | Found a staircase to the Orcish Mines.
 10344 | D:10     | Entered Level 10 of the Dungeon
 10380 | D:10     | Identified the -1 cloak of the Onion {rElec rC- Str+6
                  | Dex+2}
 10545 | D:10     | Reached skill level 10 in Dodging
 10593 | D:10     | Reached **** piety under Ashenzari
 10726 | D:10     | Reached XP level 11. HP: 61/66 MP: 10/20
 11211 | D:10     | Noticed a two-headed ogre
 11387 | D:8      | Reached skill level 10 in Stealth
 12266 | D:11     | Found Nef Udux's Assorted Antiques.
 12271 | D:11     | Bought a crooked glass wand for 128 gold pieces
 12280 | D:11     | Found Wiatiem's General Store.
 12346 | D:11     | Found Waoczuj's Armour Shoppe.
 12377 | D:11     | Noticed an elephant
 12402 | D:10     | Noticed Josephine
 12450 | D:10     | Killed Josephine
 12451 | D:10     | Reached skill level 5 in Evocations
 12711 | D:11     | Noticed a two-headed ogre
 12738 | D:11     | Killed a two-headed ogre
 12901 | D:11     | Identified the +0 hand axe "Ykaf" {venom, Will++ Int+3}
 12928 | D:11     | Found a portal to a secret trove of treasure.
 12939 | D:11     | Reached ***** piety under Ashenzari
 13130 | D:11     | Noticed a two-headed ogre
 13157 | D:11     | Killed a two-headed ogre
 13212 | D:11     | Noticed a two-headed ogre
 13216 | D:11     | Killed a two-headed ogre
 13232 | D:11     | Found Poevoul's Assorted Antiques.
 13237 | D:11     | Bought a fuming purple potion for 22 gold pieces
 13254 | D:11     | Found a staircase to the Lair.
 13366 | D:11     | Killed an elephant
 13371 | D:11     | Bought a scroll of fear for 128 gold pieces
 13864 | D:8      | Killed a two-headed ogre
 14071 | Lair:1   | Entered Level 1 of the Lair of Beasts
 14078 | Lair:1   | Reached XP level 12. HP: 75/75 MP: 23/23
 14086 | Lair:1   | Reached skill level 5 in Armour
 14109 | Lair:1   | Reached skill level 5 in Fighting
 14144 | Lair:1   | Reached skill level 6 in Fighting
 14334 | Lair:1   | Found a frozen archway.
 14439 | IceCv    | Entered an ice cave
 14500 | IceCv    | Reached skill level 7 in Fighting
 14681 | IceCv    | HP: 3/81 [ice statue] (3)]
 14964 | IceCv    | Reached skill level 8 in Fighting
 15314 | IceCv    | Reached skill level 9 in Fighting
 15546 | IceCv    | Reached skill level 10 in Fighting
 15706 | IceCv    | Identified the Directory of Congelation
 15706 | IceCv    | Noticed a reaper
 15717 | IceCv    | Killed a reaper
 16025 | Lair:1   | Found a runed translucent gate.
 16025 | Lair:1   | Found a runed translucent gate.
 16025 | Lair:1   | Found a runed translucent gate.
 16028 | Lair:1   | Noticed tymior's ghost (journeyman KoEn)
 16107 | Lair:1   | Noticed Sonja
 16109 | Lair:1   | Killed Sonja
 16258 | Lair:1   | Found a runed translucent door.
 16682 | Lair:1   | Killed tymior's ghost
 16683 | Lair:1   | Reached XP level 13. HP: 73/90 MP: 24/24
 16848 | Lair:1   | Identified the +4 whip of Internal Strife {heavy, *Slow
                  | Str+2 Dex+5}
 17034 | Lair:1   | Found a runed translucent gate.
 17034 | Lair:1   | Found a runed translucent gate.
 17038 | Lair:1   | Found a runed translucent gate.
 17042 | Lair:1   | Found a runed translucent gate.
 17042 | Lair:1   | Found a runed translucent gate.
 17042 | Lair:1   | Found a runed translucent gate.
 17068 | Lair:1   | Reached skill level 5 in Shields
 17248 | Lair:2   | Noticed a seven-headed hydra
 17251 | Lair:2   | Killed a seven-headed hydra
 17419 | Lair:2   | Noticed a seven-headed hydra
 19640 | Lair:3   | Reached XP level 14. HP: 96/96 MP: 25/25
 19758 | Lair:2   | Reached skill level 15 in Dodging
 20214 | Lair:3   | Found a staircase to the Shoals.
 20282 | Lair:3   | Found a hole to the Spider Nest.
 21697 | Lair:4   | Reached skill level 15 in Stealth
 21826 | Lair:4   | Found an iron altar of Okawaru.
 23918 | Lair:5   | Entered Level 5 of the Lair of Beasts
 23923 | Lair:5   | Noticed Snorg
 23941 | Lair:5   | Killed Snorg
 23971 | Lair:5   | Identified the +0 robe of the Illusory Mystics {Str+6}
 23985 | Lair:5   | Reached XP level 15. HP: 95/100 MP: 24/26
 24029 | Lair:5   | Found a dark tunnel.
 24034 | Volcano  | Entered a volcano
 24098 | Volcano  | Found a burning altar of Makhleb.
 24147 | Volcano  | Reached XP level 16. HP: 106/106 MP: 27/27
 24365 | Lair:5   | Reached ****** piety under Ashenzari
 25243 | Lair:5   | Found a viscous altar of Jiyva.
 25244 | Lair:5   | Found a staircase to the Slime Pits.
 25955 | Lair:5   | Identified the amulet "Bonaax" {Acrobat Harm Will+}
 25970 | Lair:5   | Learned a level 5 spell: Silence
 26363 | Lair:2   | Reached skill level 1 in Air Magic
 27083 | D:12     | Noticed Frances
 27122 | D:12     | Killed Frances
 27752 | D:13     | Reached skill level 5 in Air Magic
 27964 | D:13     | Noticed Urug
 27968 | D:13     | Killed Urug
 28179 | D:13     | Reached skill level 5 in Spellcasting
 28436 | D:14     | Found a gate to the Vaults.
 28464 | D:13     | Reached XP level 17. HP: 112/112 MP: 30/30
 28502 | D:13     | Reached skill level 5 in Hexes
 28598 | D:14     | Found a snail-covered altar of Cheibriados.
 28996 | D:14     | Found a broken altar of Ashenzari.
 29345 | D:14     | Identified the serpent talisman "Roqomysh" {*Slow +Blink
                  | Int+3 Slay+2}
 29544 | D:15     | Entered Level 15 of the Dungeon
 29723 | D:15     | Found a runed translucent gate.
 29723 | D:15     | Found a runed translucent gate.
 29724 | D:15     | Found a runed translucent gate.
 29765 | D:15     | Reached XP level 18. HP: 117/117 MP: 32/34
 30114 | D:15     | Found a staircase to the Depths.
 31141 | Orc:1    | Entered Level 1 of the Orcish Mines
 32544 | Orc:1    | Identified the +8 plate armour "Virrocas" {Fly Str-4 Dex+2}
 32563 | Orc:1    | Identified the +4 dagger of Milaohut {elec, Dex+6}
 32905 | Orc:1    | Identified the staff of Disorder {rF+ rN+ Fire}
 33171 | Orc:2    | Entered Level 2 of the Orcish Mines
 33268 | Orc:2    | Found a staircase to the Elven Halls.
 33434 | Orc:2    | Noticed Jorgrun
 33438 | Orc:2    | Killed Jorgrun
 33668 | Orc:2    | Noticed Maurice
 33672 | Orc:2    | Killed Maurice
 33865 | Orc:2    | Found Bempiuruvi's Antique Armour Shop.
 33870 | Orc:2    | Bought a glowing cloak for 165 gold pieces
 34606 | Orc:2    | Found Caubuoj's Antique Armour Boutique.
 34606 | Orc:2    | Found Xudghow's Weapon Shoppe.
 34621 | Orc:2    | Reached XP level 19. HP: 121/124 MP: 33/36
 34644 | Orc:2    | Found Xeqaph's Antique Weapon Shoppe.
 34644 | Orc:2    | Found Tys Lex's Weapon Shop.
 34851 | Orc:2    | Reached skill level 10 in Evocations
 35249 | Orc:2    | Bought an ichor-stained ring mail for 198 gold pieces
 35249 | Orc:2    | Identified the +1 ring mail of Yredelemnul's Reproof {Fly
                  | Dex+8 Stlth-} (You bought it in a shop on level 2 of the
                  | Orcish Mines)
 35386 | D:11     | Bought a lightning rod (4/4) for 640 gold pieces
 35468 | D:8      | Bought an ichor-stained ring mail for 324 gold pieces
 35468 | D:8      | Identified the +7 ring mail of Midsummer {rElec Dex+2} (You
                  | bought it in a shop on level 8 of the Dungeon)
 35630 | Shoals:1 | Entered Level 1 of the Shoals
 36021 | Shoals:1 | Found a large runed translucent door.
 36022 | Shoals:1 | Found a large runed translucent door.
 36060 | Shoals:1 | Identified the +5 hand axe of Sloth {antimagic, ^Contam Fly
                  | rElec rCorr}
 36821 | D:15     | Noticed Zimucs's ghost (journeyman DrSh)
 36825 | D:15     | Killed Zimucs's ghost
 37315 | Shoals:2 | Reached skill level 10 in Armour
 37430 | Shoals:2 | Found Teapiw's Book Shoppe.
 37476 | Shoals:2 | Reached skill level 5 in Throwing
 38651 | Shoals:3 | Noticed Ilsuiw
 38677 | Shoals:3 | Killed Ilsuiw
 38728 | Shoals:3 | Reached skill level 11 in Fighting
 39402 | Shoals:3 | Noticed Polyphemus
 39406 | Shoals:3 | Reached skill level 12 in Fighting
 39432 | Shoals:3 | Killed Polyphemus
 40261 | Shoals:4 | Entered Level 4 of the Shoals
 40347 | Shoals:4 | Reached skill level 13 in Fighting
 40657 | Shoals:4 | Identified the +5 war axe of Wyrd {freeze, Int+4}
 41290 | Shoals:4 | Reached skill level 14 in Fighting
 41293 | Shoals:4 | Reached XP level 20. HP: 93/132 MP: 35/35
 41460 | Shoals:4 | Got a barnacled rune of Zot
 41692 | Shoals:4 | Noticed Bai Suzhen
 41694 | Shoals:4 | Killed Bai Suzhen
 41877 | Shoals:4 | Found a runed translucent door.
 42211 | Shoals:3 | Reached skill level 15 in Fighting
 42626 | Shoals:4 | Noticed community's ghost (adept HOFi)
 42626 | Shoals:4 | Identified the +7 demon blade "Hopsargh" {freeze, Fly Dex+9
                  | Stlth-}
 42626 | Shoals:4 | Identified the +0 leather armour of Liberalism {Str+3
                  | Slay+2}
 42630 | Shoals:4 | Killed community's ghost
 42959 | D:11     | You paid a toll of a +7 demon blade to enter a treasure
                  | trove
 42960 | Trove    | Entered a treasure trove
 42962 | Trove    | Found a bloodstained altar of Trog.
 42991 | Trove    | Found the +8 pair of quick blades "Gyre" and "Gimble"
                  | {protect}
 43014 | Trove    | Identified the +0 quick blade of Featovey {vamp, rC- Will+
                  | Stlth+}
 43014 | Trove    | Identified the +11 mace "Muwur" {freeze, Will+ rCorr}
 43161 | Spider:1 | Entered Level 1 of the Spider Nest
 43697 | Spider:1 | Paralysed by a jorogumo for 3 turns
 44766 | Spider:2 | Reached skill level 15 in Short Blades
 45535 | Spider:3 | Identified the +3 ring mail "Keotofekh" {Rampage rElec
                  | rCorr Int+5}
 46457 | Spider:4 | Entered Level 4 of the Spider Nest
 46466 | Spider:4 | Reached XP level 21. HP: 142/142 MP: 37/37
 47700 | Spider:4 | Got a gossamer rune of Zot
 48164 | Shoals:1 | Noticed NotreDorf's ghost (journeyman MfGl)
 48168 | Shoals:1 | Killed NotreDorf's ghost
 50247 | Elf:1    | Entered Level 1 of the Elven Halls
 50805 | Elf:1    | Identified the +4 ring mail of Quelogg {Dex+3}
 51414 | Elf:2    | Noticed Donald
 51417 | Elf:2    | Killed Donald
 51498 | Elf:2    | Found a runed translucent gate.
 51498 | Elf:2    | Found a runed translucent gate.
 51498 | Elf:2    | Found a runed translucent gate.
 51620 | Elf:2    | Found Xely's Distillery.
 51648 | Elf:2    | Bought a potion of enlightenment for 70 gold pieces
 51648 | Elf:2    | Bought a potion of heal wounds for 70 gold pieces
 51648 | Elf:2    | Bought 2 potions of curing for 84 gold pieces
 51648 | Elf:2    | Bought a potion of resistance for 140 gold pieces
 51648 | Elf:2    | Bought a potion of magic for 112 gold pieces
 52171 | Elf:2    | Reached XP level 22. HP: 141/145 MP: 32/36
 52758 | Elf:3    | Entered Level 3 of the Elven Halls
 52865 | Elf:3    | Paralysed by an air elemental for 1 turns
 52882 | Elf:3    | Reached skill level 16 in Fighting
 53594 | Elf:3    | Reached skill level 17 in Fighting
 54355 | Elf:3    | Reached skill level 18 in Fighting
 54462 | Elf:3    | Identified the +1 helmet "Doqoexaf" {Dex+3}
 54471 | Elf:3    | Identified the +4 morningstar of Lust {spect, rF- rC+++
                  | Str+4}
 54485 | Elf:3    | Identified the +0 leather armour of Cur Evve {rN+ Str+3}
 54495 | Elf:3    | Identified the amulet of Unonigg {Acrobat rC++ Str-4 Dex+3}
 54496 | Elf:3    | Identified Murchu's Book of Meteoric Glamour
 54497 | Elf:3    | Found the +8 lance "Wyrmbane" {slay drac, rPois rF+ rC+
                  | AC+3}
 55003 | Vaults:1 | Entered Level 1 of the Vaults
 55262 | Vaults:1 | Reached skill level 19 in Fighting
 55911 | Vaults:1 | Identified the serpent talisman of the Poles {rC+ rCorr}
 55911 | Vaults:1 | Noticed Aizul
 55912 | Vaults:1 | Killed Aizul
 56057 | Vaults:1 | Noticed Asterion
 56061 | Vaults:1 | Killed Asterion
 56205 | Vaults:1 | Reached XP level 23. HP: 160/160 MP: 32/37
 56677 | Vaults:2 | Learned a level 3 spell: Passwall
 56716 | Vaults:2 | Reached skill level 1 in Earth Magic
 57034 | Vaults:2 | Reached skill level 5 in Earth Magic
 57074 | Vaults:2 | Reached skill level 20 in Fighting
 58233 | Vaults:3 | Reached skill level 21 in Fighting
 58236 | Vaults:3 | Found a staircase to the Crypt.
 59454 | Vaults:4 | Reached skill level 22 in Fighting
 59846 | Vaults:4 | Reached XP level 24. HP: 173/173 MP: 33/37
 60768 | Vaults:5 | Entered Level 5 of the Vaults
 60888 | Vaults:5 | Noticed a dread lich
 60891 | Vaults:5 | Identified the +9 orcbow "Upsaamua" {drain, Str+5}
 60892 | Vaults:5 | Identified the +0 ring mail "Vitanomp" {rPois rCorr Int+2
                  | Stlth+}
 60893 | Vaults:5 | Killed a dread lich
 60894 | Vaults:5 | Identified the ring "Kassuemu" {rElec rF- Will+ Dex+6 SInv}
 61048 | Vaults:5 | Identified the staff of the Tundras {rC+++ rN+ Int-5 Hexes
                  | Necro}
 61397 | Vaults:5 | Reached skill level 23 in Fighting
 61567 | Vaults:5 | Noticed a golden dragon
 61608 | Vaults:5 | Killed a golden dragon
 61891 | Vaults:5 | Identified the +4 robe of the Invisible Hand {rCorr}
 61913 | Vaults:5 | Got a silver rune of Zot
 62441 | Vaults:5 | Noticed a golden dragon
 62456 | Vaults:5 | Killed a golden dragon
 62457 | Vaults:5 | Reached skill level 24 in Fighting
 62769 | Vaults:5 | Reached XP level 25. HP: 165/177 MP: 36/37
 62828 | Vaults:5 | Identified the +4 battleaxe of the Shrinking Augurer
                  | {heavy, rC+ Stlth+}
 63056 | Vaults:5 | Identified the +2 glaive of Ipse Dixit {elec, +Blink rN++
                  | MP+9}
 63351 | Vaults:5 | Identified the +1 leather armour of Hoxui {rElec rF+ Int-3}
 63610 | Vaults:5 | Noticed Margery
 63614 | Vaults:5 | Killed Margery
 63627 | Vaults:5 | Reached skill level 25 in Fighting
 63740 | Vaults:5 | Identified the staff of the Swamp {rElec rN+ Air}
 63781 | Vaults:5 | Identified Sif Muna's Annotations on the Serac and
                  | Nephomancy
 64462 | Depths:1 | Entered Level 1 of the Depths
 64811 | Depths:1 | Identified the Directory of the Oath
 65078 | Depths:1 | Found a gateway to Hell.
 65864 | Depths:2 | Found an ancient bone altar of Kikubaaqudgha.
 65866 | Depths:2 | Found a basalt altar of Yredelemnul.
 65916 | Depths:2 | Found a shimmering altar of Xom.
 66203 | Depths:2 | Found a shimmering altar of Xom.
 66458 | Depths:2 | Reached XP level 26. HP: 188/189 MP: 33/37
 67096 | Depths:2 | Found a one-way gate leading to the halls of Pandemonium.
 67440 | Depths:3 | Identified the ring of Cetauxki {Fire rElec Int-2 Slay+5
                  | Stlth+}
 67765 | Depths:3 | Found a one-way gateway to a ziggurat.
 68212 | Depths:3 | Found a runed translucent door.
 68235 | Depths:3 | Found a runed translucent door.
 68415 | Depths:3 | Found a runed translucent door.
 68434 | Depths:3 | Found a runed translucent door.
 68515 | Depths:3 | Noticed a juggernaut
 68521 | Depths:3 | Killed a juggernaut
 68750 | Depths:3 | Found a one-way gate to the infinite horrors of the Abyss.
 68853 | Depths:4 | Entered Level 4 of the Depths
 69009 | Depths:4 | Found a stormy altar of Qazlal.
 69226 | Depths:4 | Found a blossoming altar of Fedhas.
 69503 | Depths:4 | Found a burning altar of Makhleb.
 69958 | Depths:4 | Found an ancient bone altar of Kikubaaqudgha.
 69993 | Depths:4 | Reached XP level 27. HP: 199/199 MP: 37/37
 70086 | Depths:4 | Identified the +3 leather armour "Salazy" {rCorr}
 70540 | Depths:4 | Found a gate to the Realm of Zot.
 70718 | Zot:1    | Entered Level 1 of the Realm of Zot
 71501 | Zot:1    | Identified the +4 chain mail of Fedhas's Castigation {Will-
                  | Int+6 Dex+4}
 72771 | Zot:2    | Identified Sif Muna's Grimoire of Bombardment and Frost
 73846 | Zot:3    | Noticed a dread lich
 73847 | Zot:3    | Noticed a dread lich
 73847 | Zot:3    | Noticed a dread lich
 73848 | Zot:3    | Killed a dread lich
 73850 | Zot:3    | Killed a dread lich
 73855 | Zot:3    | Noticed a dread lich
 73855 | Zot:3    | Identified the +7 shortbow of the Shark {elec, *Slow rPois
                  | rCorr MP+9}
 73855 | Zot:3    | Identified the staff "Ajebb" {rElec rF+ rC+++ Dex-2 SInv
                  | Fire}
 73857 | Zot:3    | Killed a dread lich
 73993 | Zot:3    | Noticed a dread lich
 73995 | Zot:3    | Noticed a dread lich
 73996 | Zot:3    | Noticed a dread lich
 73997 | Zot:3    | Killed a dread lich
 74043 | Zot:3    | Killed a dread lich
 74044 | Zot:3    | Reached skill level 15 in Armour
 74082 | Zot:3    | Killed a dread lich
 74084 | Zot:3    | Killed a dread lich
 75652 | Zot:4    | Found a runed translucent gate.
 75662 | Zot:4    | Noticed Sebriys's ghost (legendary TrBe)
 75674 | Zot:4    | Found a runed translucent gate.
 75679 | Zot:4    | Found a runed translucent gate.
 75972 | Zot:5    | Entered Level 5 of the Realm of Zot
 77168 | Zot:5    | Noticed an ancient lich
 77179 | Zot:5    | Killed an ancient lich
 77299 | Zot:5    | Noticed an ancient lich
 77313 | Zot:5    | Killed an ancient lich
 77348 | Zot:5    | Noticed a Killer Klown
 77358 | Zot:5    | Killed a Killer Klown
 77441 | Zot:5    | Noticed an orb of fire
 77483 | Zot:5    | Noticed an orb of fire
 77578 | Zot:5    | Noticed a Killer Klown
 77581 | Zot:5    | Killed an orb of fire
 77583 | Zot:5    | Killed an orb of fire
 77589 | Zot:5    | Killed a Killer Klown
 77593 | Zot:5    | Noticed an orb of fire
 77597 | Zot:5    | Killed an orb of fire
 78145 | Zot:5    | Got the Orb of Zot
 78674 | D:$      | Escaped with the Orb!

Illustrated notes

Levels and vault maps discovered:
D:1:      wander_arrival_peaceful_grave, layout_rooms, serial_glass,
          glass_columns_a, glass_columns_b, glass_columns_a, glass_columns_c,
          glass_columns_a, glass_columns_a,
          hellmonk_ecumenical_altar_heavens_door, minmay_door_square
D:2:      layout_basic, basic_altar, grunt_decor_arrowhead,
          minmay_fractal_squares_gapless_5
D:3:      layout_rooms, minmay_statues_item, columned_hall_lemuel, uniq_terence,
          uniq_ijyb
D:4:      layout_basic, gammafunk_temple_overflow_wave
D:5:      layout_basic, gammafunk_temple_overflow_statue, zin_statuary,
          serial_corexii_hall, corexii_hall_statues_t,
          corexii_hall_statues_deadend, chequers_hall_statues_y
D:6:      layout_gridville, minmay_curled_crystal
D:7:      layout_gridville, minmay_temple_entry_gardened_gates,
          corexii_leaking_fountain, minmay_mini_ossuary
D:8:      layout_loops_ring, nicolae_wooded_promenade
D:9:      layout_basic, orc_0_dummy
D:10:     layout_long_grid, serial_library_hellmonk_open_cross, uniq_josephine
D:11:     hellmonk_crumbling_castle, layout_irregular_city, david_lair_generic,
          enter_trove_0, serial_shops, nicolae_shop_just_a_little_nook,
          shop_fountains, shop, nicolae_stop_n_shop_1
D:12:     layout_roguey, uniq_frances
D:13:     layout_stronghold, uniq_urug
D:14:     layout_cave_pools, david_vaults_3, cheibriados_altar_1,
          evilmike_ruin_ashenzari
D:15:     grunt_enter_depths_magical_seal, layout_basic, minmay_misc_feat_doors,
          ebering_ghost_rock_garden
Temple:   minmay_crystal_spiral_temple
Lair:1:   gammafunk_indiana_jones, layout_regular_city,
          portal_ice_cave_entry_imps, gammafunk_ghost_split, uniq_sonja
Lair:2:   layout_chaotic_city
Lair:3:   layout_long_grid, elwin_shoals_entry_rocks,
          hellmonk_spider_entry_not_the_bees, special_room [special_room_bee],
          grunt_megastairs_4
Lair:4:   layout_misc_corridors, basic_altar, kilobyte_rumbling_trees
Lair:5:   minmay_lair_end_frog_pond, layout_layer_cave,
          dpeg_slime_entry_enclosed, enter_volcano_4, uniq_snorg
Shoals:1: cheibrodos_shoals_baths, layout_shoals, ebering_ghost_disaster_area
Shoals:2: layout_shoals, serial_shops, nicolae_lakefront_shop,
          nicolae_shoals_undead_eyrie
Shoals:3: layout_shoals, uniq_ilsuiw, uniq_polyphemus
Shoals:4: shoals_end_hangedman, layout_shoals, ebering_ghost_reflecting_pool,
          uniq_bai_suzhen
Spider:1: layout_spider_delve, hellmonk_narrow_tunnel
Spider:2: layout_chambers
Spider:3: layout_spider_delve
Spider:4: guppyfry_spider_rune, hangedman_spider_tarantella_strand
Orc:1:    layout_caves, basic_altar, minmay_orc_treasury
Orc:2:    st_orc_ogre_mass, layout_diamond_mine, serial_shops, shop,
          nicolae_orc_bridge_out, einodemon_armed_red_devil_minivault,
          uniq_jorgrun, uniq_maurice
Elf:1:    eino_elf_arrival_sip, layout_gridlike, hangedman_elf_disciples
Elf:2:    nicolae_elf_blades_splatter_lattice
          [nicolae_blade_entry_area_security], layout_gridlike, serial_shops,
          nicolae_square_shop, uniq_donald
Elf:3:    minmay_elf_hall_curves, layout_geoelf_diagonals
Vaults:1: v_misc_17, vaults_dpeg_hooks, ontoclasm_vaults_decontamination,
          hangedman_vaults_slice, nicolae_vaults_variable_pillar_hall,
          nicolae_vaults_network_star, layout_vaults_quadrants, uniq_asterion,
          uniq_aizul
Vaults:2: nicolae_vaults_trapezoid_3, nicolae_vaults_alarming,
          nicolae_vaults_ellipses_ellipsis, v_alt_pattern_2,
          nicolae_vaults_octothorpe, v_misc_26,
          nicolae_vaults_offset_grid_hallway_2,
          nicolae_vaults_doubleplus_tesselated, hangedman_vaults_maws,
          nicolae_whirlpool, nicolae_vaults_trapezoid_lopsided_1,
          layout_vaults_maze_snakey
Vaults:3: vaults_dpeg_emergency_exit, blue_anna_dwarven_crypt, v_misc_22,
          ontoclasm_vaults_spin, ontoclasm_vaults_bender,
          nicolae_vaults_murder_corner, nicolae_vaults_closet_pinwheel_4,
          grunt_vaults_funnel, nicolae_vaults_sesquioval_fish,
          layout_vaults_chaotic_city
Vaults:4: nicolae_vaults_two_Ls, v_misc_9, ontoclasm_vaults_ring_large,
          v_rooms_2, nicolae_vaults_diamond_1, dpeg_vaults_monster_row,
          nicolae_vaults_trapezoid_3, hangedman_vaults_maws, v_misc_24,
          nicolae_vaults_little_squares_2, hangedman_vaults_snaps,
          nicolae_vaults_circle_grid_b, layout_vaults_omnicross
Vaults:5: uniq_margery
Depths:1: layout_gridville, hangedman_coc_ice_floe, minmay_strange_pillars,
          hangedman_research_probablistics, serial_bayou_shore_b
Depths:2: skrybe_chaotic_catacombs, layout_basic, rand_demon_pan_entry_1,
          corexii_hall_statues_l, grunt_hell_entry_dis_grunt,
          kennysheep_generic_room_4
Depths:3: impenetrable_vault, layout_gridlike, enter_ziggurat_d,
          serial_bayou_lagoon_a, abyss_entry_crystal, hell_entry, pan_entry,
          lemuel_old_faithful
Depths:4: grunt_profane_halls [grunt_zot_portal, grunt_profane_temple_geh,
          grunt_profane_temple_tar, grunt_profane_temple_coc,
          grunt_profane_temple_dis], pan_entry, hell_entry
Zot:1:    layout_onion_interference, hangedman_zot_decor_checkerboard,
          nicolae_lava_and_water
Zot:2:    layout_basic, bh_zot_ikea_curve
Zot:3:    hellmonk_paralyzer, layout_basic, hangedman_zot_decor_scrapings
Zot:4:    layout_gridlike, gammafunk_ghost_split
Zot:5:    layout_gridlike, st_stairs_13, grunt_ministairs_3

Skill      XL: |  1  2  3  4  5  6  7  8  9 10 11 12 13 14 15 16 17 18 19 20 21 22 23 24 25 26 27 |
---------------+----------------------------------------------------------------------------------+-----
Fighting       | 1 2 3 4 10 14 15 19 22 24 25 | 25.0
Short Blades   | 1 3 5 6 7 10 12 14 17 22 24 | 24.0
Stealth        | 3 5 6 9 10 15 18 20 23 | 23.1
Throwing       | 1 3 4 6 |  6.1
Dodging        | 3 5 10 14 15 17 19 23 | 23.0
Hexes          | 1 2 3 4 7 8 |  8.2
Ice Magic      | 1 2 3 4 |  4.0
Evocations     | 1 5 9 10 | 10.0
Spellcasting   | 4 5 7 8 |  8.4
Shields        | 1 2 3 5 6 |  6.5
Armour         | 4 5 9 10 11 19 | 19.2
Air Magic      | 5 7 8 |  8.5
Earth Magic    | 5 |  5.1
Necromancy     | |  4.0

Action                     |  1- 3 |  4- 6 |  7- 9 | 10-12 | 13-15 | 16-18 | 19-21 | 22-24 | 25-27 || total
---------------------------+-------+-------+-------+-------+-------+-------+-------+-------+-------++-------
  Melee: Quarterstaff      |     1 |       |       |       |       |       |       |       |       ||     1
         Short sword       |    33 |   105 |    87 |       |       |       |       |       |       ||   225
         Dagger            |     1 |       |    60 |   658 |   970 |  2040 |  1031 |       |       ||  4760
         Punch             |       |       |     4 |       |       |       |       |       |       ||     4
         Rapier            |       |       |   151 |       |       |       |       |       |       ||   151
         Pair of quick bla |       |       |       |       |       |       |  1779 |  2958 |  5223 ||  9960
  Throw: Dart              |       |    16 |    11 |    19 |     6 |    13 |     3 |       |     1 ||    69
         Stone             |       |       |       |     1 |       |       |       |       |       ||     1
         Throwing net      |       |       |       |     2 |       |       |     2 |       |     1 ||     5
         Boomerang         |       |       |       |       |       |       |    16 |    13 |    28 ||    57
   Cast: Necrotise         |    47 |    18 |     6 |       |       |       |       |       |       ||    71
         Ensorcelled Hiber |       |       |    25 |    21 |    29 |    36 |    20 |       |       ||   131
         Silence           |       |       |       |       |       |    31 |    63 |    89 |   112 ||   295
         Passwall          |       |       |       |       |       |       |       |       |    40 ||    40
 Invoke: Curse Item        |       |       |     5 |     4 |     2 |     2 |     5 |     1 |       ||    19
         Shatter the Chain |       |       |     1 |       |     1 |     3 |     4 |     1 |       ||    10
  Evoke: Wand              |     1 |     3 |     9 |    23 |     1 |     1 |     6 |       |     4 ||    48
         Lightning rod     |       |       |       |       |       |       |     7 |       |       ||     7
         Condenser vane    |       |       |       |       |       |       |     2 |       |       ||     2
         Box of beasts     |       |       |       |       |       |       |     1 |       |       ||     1
    Use: Potion            |     1 |     3 |     4 |     9 |     3 |     2 |     4 |     6 |     5 ||    37
         Scroll            |     2 |     3 |     1 |     2 |     1 |     1 |     2 |       |       ||    12
   Stab: Sleeping          |     7 |    19 |    35 |    44 |    45 |    85 |   207 |   203 |   231 ||   876
         Invisible         |       |     1 |       |     1 |     2 |       |       |       |       ||     4
         Distracted        |       |       |     2 |     3 |     9 |    15 |     5 |     9 |    13 ||    56
         Betrayed ally     |       |       |       |     1 |       |       |       |       |       ||     1
         Held in net/web   |       |       |       |     3 |       |       |     3 |       |     2 ||     8
 Armour: Robe              |    17 |    38 |   103 |   135 |   199 |   258 |     6 |       |       ||   756
         Skin              |       |    18 |    46 |       |       |       |       |       |       ||    64
         Ring mail         |       |       |       |       |       |       |   340 |   253 |   401 ||   994
  Dodge: Dodged            |    29 |    51 |   195 |   365 |   719 |  1433 |  1084 |   662 |  1223 ||  5761
  Block: Buckler           |       |       |    16 |    92 |   203 |   465 |   289 |       |       ||  1065
